 Dungeon Crawl Stone Soup version 0.29.1-15-g9cfb28693d (webtiles) character file.

Game seed: 9407670686098287033

88 Hugehornet the Covert (level 4, -1/41 HPs)
             Began as a Gnoll Delver on Feb 23, 2023.
             Slain by a gnoll
             ... wielding a +0 halberd
              (9 damage)
             ... on level 3 of the Dungeon.
             The game lasted 00:05:59 (2294 turns).

Hugehornet the Covert (Gnoll Delver)                Turns: 2294, Time: 00:05:59

Health: -1/41      AC:  5    Str: 11    XL:     4   Next: 54%
Magic:  5/5        EV: 13    Int: 11    God:
Gold:   188        SH:  0    Dex: 14    Spells: 5/5 levels left

rFire   . . .      SeeInvis .   j - +1 short sword (venom)
rCold   . . .      Faith    .   (no shield)
rNeg    . . .      Spirit   .   b - +0 leather armour
rPois   .          Reflect  .   (no helmet)
rElec   .          Harm     .   d - +0 cloak
rCorr   .          Rampage  .   (no gloves)
Will    .....                   t - +0 pair of boots
Stlth   ++++......              (no amulet)
HPRegen 0.13/turn               (no ring)
MPRegen 0.09/turn               (no ring)

@: no status effects
A: fangs 1, strong nose, distributed training
a: no special abilities


You were on level 3 of the Dungeon.
You visited 1 branch of the dungeon, and saw 5 of its levels.

You collected 188 gold pieces.

Inventory:

Hand Weapons
 a - a +0 spear
 j - a +1 short sword of venom (weapon)
Armour
 b - a +0 leather armour (worn)
 d - a +0 cloak (worn)
 t - a +0 pair of boots (worn)
Wands
 g - a wand of digging (3)
Scrolls
 c - a scroll of fog
 e - 2 scrolls of fear
 h - 4 scrolls of blinking {unknown}
 i - a scroll of identify {unknown}
 n - a scroll of silence {unknown}
 s - a scroll of teleportation {unknown}
Potions
 f - a potion of haste
 k - 3 potions of cancellation {unknown}
 m - a potion of attraction {unknown}
 o - a potion of resistance {unknown}
 p - 2 potions of might {unknown}
 q - a potion of mutation {unknown}
 r - a potion of curing {unknown}


   Skills:
 + Level 6.6 Fighting
 + Level 1.2 Short Blades
 + Level 1.2 Long Blades
 + Level 1.2 Axes
 + Level 1.2 Maces & Flails
 + Level 4.7 Polearms
 + Level 1.2 Staves
 + Level 1.2 Ranged Weapons
 + Level 1.2 Throwing
 + Level 1.2 Armour
 + Level 4.7 Dodging
 + Level 9.6 Stealth
 + Level 1.2 Shields
 + Level 1.2 Unarmed Combat
 + Level 1.2 Spellcasting
 + Level 1.0 Conjurations
 + Level 1.0 Hexes
 + Level 1.0 Summonings
 + Level 1.0 Necromancy
 + Level 1.0 Translocations
 + Level 1.0 Transmutations
 + Level 1.0 Fire Magic
 + Level 1.0 Ice Magic
 + Level 1.0 Air Magic
 + Level 1.0 Earth Magic
 + Level 1.0 Poison Magic
 + Level 1.3 Invocations
 + Level 1.2 Evocations


You had 5 spell levels left.
You didn't know any spells.
Your spell library contained the following spells:

 Spells                   Type           Power      Damage    Failure   Level
 Stone Arrow              Conj/Erth      4%         3d7       63%         3
 Animate Armour           Summ/Erth      4%         N/A       95%         4
 Lehudib's Crystal Spear  Conj/Erth      1%         10d2      100%        8


Dungeon Overview and Level Annotations

Branches:
Dungeon (5/15)             Temple (0/1) D:5

Altars:
Elyvilon

Shops:
D:3 [

Annotations:
D:3 Natasha


Innate Abilities, Weirdness & Mutations

You have very sharp teeth.
Your uncanny sense of smell can sniff out nearby items.
Your experience applies equally to all skills.


Message History

No target in view!
A bat comes into view.
A bat is nearby!
The helpless bat fails to defend itself.
You impale the bat!!
You kill the bat!
No target in view!
You see here a bat corpse.
A gnoll comes into view.
It is wielding a +0 club. 2 gnolls come into view.
Found 7 stones.
The gnoll shouts!
You hear an angry hiss.
Natasha, Servant of Life and Death comes into view.
The gnoll shouts!
Natasha wildly gestures.
You feel disoriented. Natasha casts a spell at you.
You resist with some effort.
The gnoll shouts!
Natasha mumbles some strange words.
The gnoll barely misses you.
You hit the gnoll.
The gnoll is poisoned.
The gnoll is lightly wounded.
The gnoll barely misses you.
You closely miss the gnoll.
The gnoll is moderately wounded.
The gnoll hits you from afar with a +0 spear.
The gnoll hits you with a +0 club. The gnoll hits you with a +0 halberd.
The gnoll completely misses you. The gnoll closely misses you.
The gnoll misses you.
You barely miss the gnoll.
The gnoll is moderately wounded.
The gnoll hits you from afar with a +0 spear.
The gnoll hits you with a +0 club. The gnoll hits you with a +0 halberd!
* * * LOW HITPOINT WARNING * * *
You are too injured to fight recklessly!
You are too injured to fight recklessly!
The gnoll attacks as you move away! The gnoll misses you.
The gnoll hits you from afar with a +0 halberd!
You die...

..# #.# #.# #.# #.# ######
#######.##########....####
.........gg......#.......#
######.##g#####.†.......#
#.......#@# ###.......#
...####..#.# #....####
#..#.# #....## .g(#.#
####..#### ..g#.# ##..#..
..h.#.# ###### ##....
....#.# #....#####...
#..###.####.........#..
..................


You could see 3 gnolls.

Vanquished Creatures
  2 adders (D:3)
  6 dart slugs
  5 endoplasms
  2 giant cockroaches
  7 goblins
  4 hobgoblins
  5 kobolds
  3 quokkas
  7 ball pythons
  12 bats
  2 frilled lizards (D:2)
  3 rats
58 creatures vanquished.

Notes
Turn   | Place    | Note
-------+----------+-------------------------------------------
     0 | D:5      | Reached skill level 9 in Stealth
     0 | D:5      | Hugehornet the Gnoll Delver began the quest for the Orb.
     0 | D:5      | Reached XP level 1. HP: 23/23 MP: 1/1
    47 | D:4      | Noticed a jelly
   162 | D:1      | Reached XP level 2. HP: 12/29 MP: 2/2
   383 | D:1      | Found a faded altar of an unknown god.
   507 | D:1      | Reached XP level 3. HP: 35/35 MP: 3/3
   728 | D:1      | Reached skill level 1 in Invocations
  1030 | D:2      | Reached skill level 1 in Short Blades
  1030 | D:2      | Reached skill level 1 in Long Blades
  1030 | D:2      | Reached skill level 1 in Axes
  1030 | D:2      | Reached skill level 1 in Maces & Flails
  1030 | D:2      | Reached skill level 1 in Staves
  1030 | D:2      | Reached skill level 1 in Ranged Weapons
  1030 | D:2      | Reached skill level 1 in Throwing
  1030 | D:2      | Reached skill level 1 in Armour
  1030 | D:2      | Reached skill level 1 in Shields
  1030 | D:2      | Reached skill level 1 in Unarmed Combat
  1030 | D:2      | Reached skill level 1 in Spellcasting
  1030 | D:2      | Reached skill level 1 in Evocations
  1188 | D:2      | Found a white marble altar of Elyvilon.
  1722 | D:3      | Reached XP level 4. HP: 22/41 MP: 5/5
  2172 | D:3      | Reached skill level 1 in Conjurations
  2172 | D:3      | Reached skill level 1 in Hexes
  2172 | D:3      | Reached skill level 1 in Summonings
  2172 | D:3      | Reached skill level 1 in Necromancy
  2172 | D:3      | Reached skill level 1 in Translocations
  2172 | D:3      | Reached skill level 1 in Transmutations
  2172 | D:3      | Reached skill level 1 in Fire Magic
  2172 | D:3      | Reached skill level 1 in Ice Magic
  2172 | D:3      | Reached skill level 1 in Air Magic
  2172 | D:3      | Reached skill level 1 in Earth Magic
  2172 | D:3      | Reached skill level 1 in Poison Magic
  2219 | D:3      | Found Ycaanlos's Antique Armour Shoppe.
  2278 | D:3      | Noticed Natasha
  2294 | D:3      | Slain by a gnoll

Illustrated notes

Levels and vault maps discovered:
D:1:      heliophobic_arrival_henge, layout_basic,
          hellmonk_ecumenical_altar_heavens_door
D:2:      layout_loops_ring, basic_altar
D:3:      layout_basic, serial_shops, shop, uniq_natasha
D:4:      layout_basic, lemuel_doored_altar
D:5:      layout_cave_pools, minmay_temple_entry_grid, serial_shops, shop, shop,
          shop, shop

Skill      XL: |  1  2  3  4 |
---------------+-------------+-----
Stealth        | |  9.6
Invocations    | 1 |  1.3
Short Blades   | 1 |  1.2
Long Blades    | 1 |  1.2
Axes           | 1 |  1.2
Maces & Flails | 1 |  1.2
Staves         | 1 |  1.2
Ranged Weapons | 1 |  1.2
Throwing       | 1 |  1.2
Armour         | 1 |  1.2
Shields        | 1 |  1.2
Unarmed Combat | 1 |  1.2
Spellcasting   | 1 |  1.2
Evocations     | 1 |  1.2
Conjurations   | 1 |  1.0
Hexes          | 1 |  1.0
Summonings     | 1 |  1.0
Necromancy     | 1 |  1.0
Translocations | 1 |  1.0
Transmutations | 1 |  1.0
Fire Magic     | 1 |  1.0
Ice Magic      | 1 |  1.0
Air Magic      | 1 |  1.0
Earth Magic    | 1 |  1.0
Poison Magic   | 1 |  1.0
Fighting       | |  6.6
Polearms       | |  4.7
Dodging        | |  4.7

Action                   |  1- 3 |  4- 6 || total
-------------------------+-------+-------++-------
Melee: Spear             |    15 |       ||    15
       Short sword       |    77 |    22 ||    99
       Bite              |     4 |     2 ||     6
       Punch             |       |     2 ||     2
  Use: Scroll            |     1 |       ||     1
 Stab: Sleeping          |    20 |     4 ||    24
Armor: Leather armour    |    30 |     8 ||    38
Dodge: Dodged            |    58 |    12 ||    70
